 Dungeon Crawl Stone Soup version 0.29-a0-323-g050149af67 (webtiles) character file.

Game seed: 5286532069729629474

24 FizzleBang the Grave Robber (level 3, -2/26 HPs)
             Began as a Ghoul Necromancer on Apr 11, 2022.
             Killed from afar by a dart slug (3 damage)
             ... with a slug dart
             ... on level 1 of the Dungeon.
             The game lasted 00:11:45 (1057 turns).

FizzleBang the Grave Robber (Ghoul Necromancer)     Turns: 1057, Time: 00:11:45

Health: -2/26      AC:  3    Str: 11    XL:     3   Next: 2%
Magic:  0/4        EV: 12    Int: 12    God:
Gold:   44         SH:  0    Dex:  9    Spells: 3/5 levels left

rFire   . . .      SeeInvis .   a - +0 dagger
rCold   + . .      Faith    .   (no shield)
rNeg    + + +      Spirit   .   g - +1 robe
rPois   ∞          Reflect  .   (no helmet)
rElec   .          Harm     .   (no cloak)
rCorr   .          Rampage  .   (no gloves)
Will    .....                   (no boots)
Stlth   ++........              (no amulet)
HPRegen 0.00/turn               (no ring)
MPRegen 0.09/turn               (no ring)

@: very slightly contaminated, inhibited regen
A: claws 1, cold resistance 1, negative energy resistance 3, inhibited
regeneration, torment resistance 2, devour on kill
a: no special abilities


You were on level 1 of the Dungeon.
You visited 1 branch of the dungeon, and saw 1 of its levels.

You collected 44 gold pieces.

Inventory:

Hand Weapons
 a - a +0 dagger (weapon)
Missiles
 c - 2 boomerangs
Armour
 g - a +1 robe (worn)
Scrolls
 e - a scroll of noise {unknown}
 f - a scroll of blinking {unknown}
Potions
 b - a potion of magic


   Skills:
 - Level 1.7 Dodging
 + Level 3.2 Stealth
 - Level 1.7 Spellcasting
 + Level 4.4 Necromancy


You had 3 spell levels left.
You knew the following spells:

 Your Spells              Type           Power      Damage    Failure   Level
a - Pain                  Necr           44%        1d6       4%          1
b - Animate Skeleton      Necr           22%        N/A       4%          1

Your spell library contained the following spells:

 Spells                   Type           Power      Damage    Failure   Level
 Vampiric Draining        Necr           11%        2d6       14%         3
 Animate Dead             Necr           5%         N/A       41%         4
 Agony                    Necr           11%        N/A       77%         5


Dungeon Overview and Level Annotations

Branches:
Dungeon (1/15)

Altars:


Innate Abilities, Weirdness & Mutations

You are immune to poison.
You have sharp fingernails.
Your flesh is cold resistant. (rC+)
You are immune to negative energy. (rN+++)
You do not regenerate when monsters are visible.
You are immune to unholy pain and torment.
You thrive by killing the living.


Message History

The goblin attacks as you move away! The goblin hits you but does no damage.
The giant cockroach bites you but does no damage.
You hit the giant cockroach but do no damage.
The giant cockroach is heavily wounded.
The giant cockroach barely misses you.
You barely miss the giant cockroach.
The giant cockroach is heavily wounded.
The giant cockroach misses you.
You hit the giant cockroach.
The giant cockroach is severely wounded.
The giant cockroach bites you.
You closely miss the giant cockroach.
The giant cockroach is severely wounded.
The giant cockroach closely misses you.
You barely miss the giant cockroach.
The giant cockroach is heavily wounded.
The giant cockroach bites you. x2
You hit the giant cockroach but do no damage.
The giant cockroach is heavily wounded.
The giant cockroach barely misses you.
You hit the giant cockroach.
The giant cockroach is severely wounded.
The giant cockroach bites you.
You hit the giant cockroach but do no damage.
The giant cockroach is severely wounded.
The giant cockroach bites you but does no damage.
You hit the giant cockroach but do no damage.
The giant cockroach is severely wounded.
The giant cockroach bites you.
You hit the giant cockroach but do no damage.
The giant cockroach is severely wounded.
The giant cockroach barely misses you. x2
You hit the giant cockroach but do no damage.
The giant cockroach is severely wounded.
The giant cockroach misses you.
You hit the giant cockroach but do no damage.
The giant cockroach is severely wounded.
The giant cockroach bites you.
You closely miss the giant cockroach.
The giant cockroach is severely wounded.
The giant cockroach bites you.
You hit the giant cockroach but do no damage.
The giant cockroach is severely wounded.
The giant cockroach bites you.
* * * LOW HITPOINT WARNING * * *
You are too injured to fight recklessly!
Casting: Animate Skeleton (safe; 5% risk of failure)
Confirm with . or Enter, or press ? or * to list all spells.
Aiming: Pain (safe; 5% risk of failure)
Press: ? - help, Shift-Dir - straight line, f/p - giant cockroach
Aim: a giant cockroach (severely wounded, chance to affect: 76%)
The giant cockroach writhes in agony.
You kill the giant cockroach!
You feel better.
You have reached level 3!
Your experience leads to an increase in your attributes!
Increase (S)trength, (I)ntelligence, or (D)exterity?
You feel clever. x2
Casting: Pain (safe; 4% risk of failure)
Confirm with . or Enter, or press ? or * to list all spells.
Aiming: Pain (safe; 4% risk of failure)
Press: ? - help, Shift-Dir - straight line, f - dart slug
Aim: a dart slug (chance to affect: 80%)
You miscast Pain.
You are very lightly contaminated with residual magic.
Nothing appears to happen.
Press: ? - help, v - describe, . - travel
Here: a dart slug The floor.
Unknown command.
Casting: Pain (safe; 4% risk of failure)
Confirm with . or Enter, or press ? or * to list all spells.
Aiming: Pain (safe; 4% risk of failure)
Press: ? - help, Shift-Dir - straight line, f/p - dart slug
Aim: a dart slug (chance to affect: 80%)
You miscast Pain.
Nothing appears to happen.
The dart slug bites you.
Okay, then.
Unknown command.
Press: ? - help, v - describe, . - travel
Here: a dart slug The floor.
Unknown command.
You hit the dart slug.
The dart slug is moderately wounded.
The dart slug launches a dart at you. The slug dart hits you.
* * * LOW HITPOINT WARNING * * *
You hit the dart slug. You claw the dart slug.
The dart slug is heavily wounded.
You hit the dart slug.
The dart slug is severely wounded.
The dart slug bites you.
* * * LOW HITPOINT WARNING * * *
Okay, then.
As you read the scroll labelled HOWUPH PYETUTH, it crumbles to dust.
It is a scroll of enchant armour.
Your +0 robe glows green for a moment.
The dart slug launches a dart at you. The slug dart hits you.
You die...

#### #...# #...# #...# ###
#...###########....
#########................#
...................†.....#
..........[....#g..).w#..#
###..#..######.#w###..#
##÷...........#@# #..#
##..##++##..#..#.# #..# ...##
##...##.###..# .###
###..#......#######
##############...#..........#
###≈≈≈≈≈≈≈≈####..#......#...#
#≈≈≈.<..≈≈≈# #.##......#####.
#..........# #.##............
#+##....##+# #.####..########


You could see a dart slug and a goblin.

Vanquished Creatures
  A ball python (D:1)
  2 bats (D:1)
  2 endoplasms (D:1)
  2 giant cockroaches (D:1)
  2 goblins (D:1)
  2 quokkas (D:1)
  A frilled lizard (D:1)
  3 kobolds (D:1)
  3 rats (D:1)
18 creatures vanquished.

Vanquished Creatures (collateral kills)
  2 endoplasms (D:1)
  A giant cockroach (D:1)
3 creatures vanquished.

Grand Total: 21 creatures vanquished

Notes
Turn   | Place    | Note
-------+----------+-------------------------------------------
     0 | D:1      | FizzleBang the Ghoul Necromancer began the quest for the
                  | Orb.
     0 | D:1      | Reached XP level 1. HP: 14/14 MP: 2/2
     2 | D:1      | Learned a level 1 spell: Animate Skeleton
   496 | D:1      | Reached XP level 2. HP: 20/20 MP: 0/3
  1052 | D:1      | Reached XP level 3. HP: 9/26 MP: 2/4
  1056 | D:1      | HP: 1/26 [dart slug (3)]
  1057 | D:1      | Killed from afar by a dart slug

Illustrated notes

Levels and vault maps discovered:
D:1:      denvon_arrival_waterhouse, layout_basic, chequers_mini_garden,
          minmay_pentomino_o4

Skill      XL: |  1  2 |
---------------+-------+-----
Stealth        | 3 |  3.2
Dodging        | |  1.7
Spellcasting   | |  1.7
Necromancy     | |  4.4

Action                   || total
-------------------------++-------
Melee: Unarmed           ||    32
       Punch             ||     2
       Dagger            ||    30
 Cast: Pain              ||    34
       Animate Skeleton  ||     3
  Use: Scroll            ||     1
Armor: Robe              ||    13
Dodge: Dodged            ||    39

Table legend: (Time is in decaauts)
 A = Elapsed time spent in this place.
 B = Non-inter-level travel time spent in this place.
 C = Inter-level travel time spent in this place.
 D = Time resting spent in this place.
 E = Time spent auto-exploring this place.
 F = Levels seen in this place.
 G = Mean time per level.
                   A        B        C        D        E       F      G
               +--------+--------+--------+--------+--------+-----+--------+
         Total |   1056 |   1052 |      4 |    583 |    169 |   1 | 1056.0 |
       Dungeon |   1056 |   1052 |      4 |    583 |    169 |   1 | 1056.0 |
               +--------+--------+--------+--------+--------+-----+--------+

Top non-repeatable levels by time:
     D:1: 1056 daAuts
